 Dungeon Crawl Stone Soup version 0.21.1-1-g345015f (webtiles) character file.

6309 Inchmeat the Basher (level 10, -4/73 HPs)
             Began as a Gnoll Wanderer on June 25, 2018.
             Was a High Priest of Okawaru.
             Slain by a killer bee (7 damage)
             ... on level 9 of the Dungeon.
             The game lasted 00:14:53 (8651 turns).

Inchmeat the Basher (Gnoll Wanderer)                Turns: 8651, Time: 00:14:53

Health: -4/73      AC: 19    Str: 19    XL:     10   Next: 95%
Magic:  22/22      EV: 10    Int: 14    God:    Okawaru [*****.]
Gold:   196        SH:  0    Dex: 14    Spells: 18/20 levels left

rFire    + . .     SeeInvis .     - Unarmed
rCold    . . .     Gourm    .   (no shield)
rNeg     . . .     Faith    .   c - +1 storm dragon scales
rPois    .         Spirit   .   d - +0 helmet
rElec    +         Reflect  .   t - +1 cloak
rCorr    .         Harm     .   (no gloves)
MR       +....                  (no boots)
Stlth    ..........             (no amulet)
HPRegen  0.22/turn              y - ring of protection from magic
MPRegen  0.18/turn              m - ring of protection from fire

@: lethally poisoned (-4 -> -26), very slightly contaminated
A: distributed training, fangs 1, hooves 1, molten scales 1, frail 1, high mp 2,
strong nose
a: Heroism, Finesse, Renounce Religion


You were on level 9 of the Dungeon.
You worshipped Okawaru.
Okawaru was extremely pleased with you.
You were very hungry.

You visited 1 branch of the dungeon, and saw 9 of its levels.

You collected 556 gold pieces.
You spent 360 gold pieces at shops.

Inventory:

Hand Weapons
 l - a +0 whip of flaming
 z - a +1 whip of venom
 G - a +0 hand crossbow
 H - a +3 morningstar of freezing
 N - a +2 scimitar of flaming
Missiles
 B - 66 bolts
 I - 47 arrows
 L - 2 steel tomahawks (quivered)
Armour
 c - +1 storm dragon scales (worn)
 d - a +0 helmet (worn)
 t - a +1 cloak (worn)
Jewellery
 a - an uncursed ring of wizardry
 m - a ring of protection from fire (right hand)
 y - a ring of protection from magic (left hand)
Wands
 g - a wand of polymorph (13)
 C - a wand of digging (11)
 F - a wand of enslavement (7)
Scrolls
 b - 3 scrolls of enchant armour
 e - 6 scrolls of remove curse {@r2}
 k - 2 scrolls of amnesia
 n - a scroll of enchant weapon
 r - 3 scrolls of teleportation
 w - a scroll of vulnerability {unknown}
 A - 2 scrolls of torment
 E - a scroll of brand weapon {unknown}
 K - a scroll of noise {unknown}
 M - a scroll of identify {@r1}
Potions
 h - 3 potions of ambrosia
 j - 5 potions of flight
 o - a potion of agility
 p - a potion of magic
 v - 2 potions of brilliance
 x - 2 potions of haste
Books
 i - a book of Frost

   Spells                             Type                      Level
   a - Freeze                         Ice                          1
   b - Throw Frost                    Conjuration/Ice              2
   c - Ozocubu's Armour               Charms/Ice                   3
   d - Throw Icicle                   Conjuration/Ice              4
   e - Summon Ice Beast               Ice/Summoning                4
Comestibles
 f - 10 rations


   Skills:
 + Level 8.7 Fighting
 + Level 5.6 Short Blades
 + Level 5.6 Long Blades
 + Level 5.6 Axes
 + Level 10.2 Maces & Flails
 + Level 5.6 Polearms
 + Level 5.6 Staves
 + Level 5.6 Slings
 + Level 5.6 Bows
 + Level 5.6 Crossbows
 + Level 6.2 Throwing
 + Level 6.2 Armour
 + Level 5.6 Dodging
 + Level 5.6 Stealth
 + Level 6.2 Shields
 + Level 5.6 Unarmed Combat
 + Level 5.6 Spellcasting
 + Level 4.6 Conjurations
 + Level 4.6 Hexes
 + Level 4.6 Charms
 + Level 4.6 Summonings
 + Level 4.6 Necromancy
 + Level 4.6 Translocations
 + Level 4.6 Transmutations
 + Level 4.6 Fire Magic
 + Level 4.6 Ice Magic
 + Level 4.6 Air Magic
 + Level 4.6 Earth Magic
 + Level 4.6 Poison Magic
 + Level 6.2 Invocations
 + Level 5.6 Evocations


You had 18 spell levels left.
You knew the following spells:

 Your Spells              Type           Power        Failure   Level  Hunger
a - Throw Frost           Conj/Ice       ###...       34%         2    ##.....


Dungeon Overview and Level Annotations

Branches:
Dungeon (9/15)             Temple (0/1) D:7            Lair (0/6) D:8
    Orc: D:9-12

Altars:
Ashenzari
Cheibriados
Dithmenos
Elyvilon
Gozag
Kikubaaqudgha
Nemelex Xobeh
Okawaru
Trog
Vehumet
Wu Jian

Shops:
D:7 !


Innate Abilities, Weirdness & Mutations

Your experience applies equally to all skills.
You have very sharp teeth.
Your uncanny sense of smell can sniff out nearby items.
You have large cloven feet.
You are partially covered in molten scales. (AC +2)
You are frail. (-10% HP)
You have a considerably increased reservoir of magic. (+20% MP)


Message History

Tha killer bee closely misses ye.
Tha killer bee misses ye.
Thar be an op'n gate 'ere.
Unknown command.
* * * LOW HITPOINT WARNIN'
* * * Ye feel sick.
Tha killer bee rages.
Tha killer bee stin's ye but does nay damage.
Tha killer bee closely misses ye.
Tha killer bee stin's ye!
* * * LOW HITPOINT WARNIN'
* * * Unknown command.
* * * LOW HITPOINT WARNIN'
* * * Ye feel very sick.
Tha killer bee rages.
Tha killer bee stin's ye.
* * * LOW HITPOINT WARNIN'
* * * Tha killer bee stin's ye.
* * * LOW HITPOINT WARNIN' * * *
* * * LOW HITPOINT WARNIN'
* * * Ye feel sick.
Tha killer bee barely misses ye.
Tha killer bee stin's ye!
Ye die...

#....##§§≈...≈§#§≈...§§§##...
#.....##≈≈≈.≈.≈.§.≈.≈≈≈##....
#......##≈y≈...≈.§§§≈§##.....
+.......##≈≈≈.§.§§≈§≈##......
#....†..###≈≈≈y..§§§##.......
##..##### ##≈≈...≈≈##........
#..##########'''#######.....
#.........###...# #.....
#..........@yy### #.....
#.........##### #.....
#.........# #.....
#..#..#.### #..... #########
......### ∆ .......# .......#
.......# ########


You could see 2 killer bees.

Vanquished Creatures
  Erica (D:9)
  The ghost of thaumaturge77 the Grappler, a novice TrMo (D:7)
  Pikel (D:5)
  Joseph (D:8)
  A hippogriff (D:8)
  A wyvern (D:7)
  Menkaure (D:6)
  Duvessa (D:6)
  2 orc warriors
  A slave (D:5)
  2 phantoms
  9 ogres
  A sky beast (D:9)
  3 centaurs
  A bullfrog (D:6)
  Dowan (D:6)
  A scorpion (D:4)
  10 wights (D:6)
  9 killer bees (D:9)
  4 howler monkeys
  2 crimson imps (D:5)
  A lava snake (D:9)
  6 orc priests
  A centaur zombie (D:7)
  Crazy Yiuf (D:7)
  2 bullfrog zombies
  A gnoll shaman (D:6)
  A jelly (D:5)
  A bullfrog skeleton (D:7)
  A hound (D:2)
  4 orc wizards
  2 iguanas (D:4)
  Terence (D:1)
  5 worker ants
  A mummy (D:8)
  Robin (D:1)
  A howler monkey zombie (D:5)
  A worker ant zombie (D:5)
  13 gnolls
  6 adders
  2 shadow imps (D:7)
  3 oozes
  2 adder skeletons
  7 worms
  2 dart slugs
  7 leopard geckos
  19 orcs
  A ball python (D:4)
  4 bats
  4 giant cockroaches
  8 hobgoblins
  4 quokkas
  7 frilled lizards
  14 goblins
  6 kobolds
  7 rats
201 creatures vanquished.

Vanquished Creatures (others)
  A quokka (D:4)
1 creature vanquished.

Grand Total: 202 creatures vanquished

Notes
Turn   | Place    | Note
-------+----------+-------------------------------------------
     0 | D:1      | Inchmeat the Gnoll Wanderer began the quest for the Orb.
     0 | D:1      | Inchmeat set off with: a +0 shield, a +0 mace, a potion of lignification, a +0 robe, a ration
     0 | D:1      | Reached XP level 1. HP: 23/23 MP: 1/1
   252 | D:1      | Reached XP level 2. HP: 29/29 MP: 2/2
   735 | D:2      | Noticed Robin
   963 | D:1      | Reached XP level 3. HP: 27/35 MP: 3/3
  1042 | D:2      | Noticed Terence
  1199 | D:1      | Killed Robin
  1199 | D:1      | Reached skill level 1 in Invocations
  1200 | D:1      | Killed Terence
  1200 | D:1      | Reached skill level 1 in Short Blades
  1200 | D:1      | Reached skill level 1 in Long Blades
  1200 | D:1      | Reached skill level 1 in Axes
  1200 | D:1      | Reached skill level 1 in Polearms
  1200 | D:1      | Reached skill level 1 in Staves
  1200 | D:1      | Reached skill level 1 in Slings
  1200 | D:1      | Reached skill level 1 in Bows
  1200 | D:1      | Reached skill level 1 in Crossbows
  1200 | D:1      | Reached skill level 1 in Dodging
  1200 | D:1      | Reached skill level 1 in Stealth
  1200 | D:1      | Reached skill level 1 in Unarmed Combat
  1200 | D:1      | Reached skill level 1 in Spellcasting
  1200 | D:1      | Reached skill level 1 in Evocations
  1200 | D:1      | Reached XP level 4. HP: 16/41 MP: 5/5
  1531 | D:2      | Reached skill level 1 in Conjurations
  1531 | D:2      | Reached skill level 1 in Hexes
  1531 | D:2      | Reached skill level 1 in Charms
  1531 | D:2      | Reached skill level 1 in Summonings
  1531 | D:2      | Reached skill level 1 in Necromancy
  1531 | D:2      | Reached skill level 1 in Translocations
  1531 | D:2      | Reached skill level 1 in Transmutations
  1531 | D:2      | Reached skill level 1 in Fire Magic
  1531 | D:2      | Reached skill level 1 in Ice Magic
  1531 | D:2      | Reached skill level 1 in Air Magic
  1531 | D:2      | Reached skill level 1 in Earth Magic
  1531 | D:2      | Reached skill level 1 in Poison Magic
  1550 | D:2      | Reached XP level 5. HP: 45/47 MP: 6/6
  2099 | D:3      | Found a faded altar of an unknown god.
  2168 | D:3      | Found a bloodstained altar of Trog.
  2269 | D:3      | Found a faded altar of an unknown god.
  2269 | D:3      | Found an iron altar of Okawaru.
  2283 | D:3      | Found a radiant altar of Vehumet.
  2286 | D:3      | Found a faded altar of an unknown god.
  2288 | D:3      | Found a shattered altar of Ashenzari.
  2300 | D:3      | Became a worshipper of Warmaster Okawaru
  2367 | D:4      | Reached XP level 6. HP: 48/53 MP: 8/8
  2625 | D:4      | Found a white marble altar of Elyvilon.
  2772 | D:4      | Found a shadowy altar of Dithmenos.
  3012 | D:4      | Reached XP level 7. HP: 40/59 MP: 10/10
  3026 | D:4      | Reached * piety under Okawaru
  3222 | D:4      | Found a sparkling altar of Nemelex Xobeh.
  3646 | D:5      | Entered Level 5 of the Dungeon
  3892 | D:5      | Reached skill level 9 in Maces & Flails
  4175 | D:5      | Noticed Pikel
  4211 | D:5      | Killed Pikel
  4211 | D:5      | Reached ** piety under Okawaru
  4211 | D:5      | Reached *** piety under Okawaru
  4211 | D:5      | Reached XP level 8. HP: 38/67 MP: 12/12
  4900 | D:6      | Reached XP level 9. HP: 67/72 MP: 14/14
  5134 | D:6      | Noticed Dowan
  5136 | D:6      | Noticed Duvessa
  5149 | D:6      | Killed Duvessa
  5153 | D:6      | Killed Dowan
  5343 | D:6      | Reached skill level 5 in Throwing
  5343 | D:6      | Reached skill level 5 in Armour
  5343 | D:6      | Reached skill level 5 in Shields
  5514 | D:6      | Noticed Menkaure
  5520 | D:6      | Killed Menkaure
  5520 | D:6      | Reached **** piety under Okawaru
  5940 | D:7      | Found an ancient bone altar of Kikubaaqudgha.
  6056 | D:7      | Received a gift from Okawaru
  6056 | D:7      | Reached skill level 5 in Invocations
  6088 | D:7      | Found a staircase to the Ecumenical Temple.
  6343 | D:7      | Found Xidghori's Distillery.
  6344 | D:7      | Noticed thaumaturge77's ghost (novice TrMo)
  6357 | D:7      | Killed thaumaturge77's ghost
  6357 | D:7      | Received a gift from Okawaru
  6357 | D:7      | Reached XP level 10. HP: 65/80 MP: 15/17
  6436 | D:7      | Bought 2 potions of mutation for 240 gold pieces
  6436 | D:7      | Bought a potion of heal wounds for 75 gold pieces
  6436 | D:7      | Bought a potion of curing for 45 gold pieces
  6511 | D:7      | Gained mutation: You are covered in fur. (AC +1) [potion of mutation]
  6511 | D:7      | Gained mutation: You are dopey. (Int -2) [potion of mutation]
  6511 | D:7      | Gained mutation: Your muscles are strong. (Str +2) [potion of mutation]
  6512 | D:7      | Lost mutation: Your muscles are strong. (Str +2) [potion of mutation]
  6512 | D:7      | Lost mutation: You are covered in fur. (AC +1) [potion of mutation]
  6512 | D:7      | Lost mutation: You are dopey. (Int -2) [potion of mutation]
  6512 | D:7      | Gained mutation: Your muscles are strong. (Str +2) [potion of mutation]
  6512 | D:7      | Gained mutation: You have large cloven feet. [potion of mutation]
  6512 | D:7      | Gained mutation: You are resistant to electric shocks. (rElec) [potion of mutation]
  6513 | D:7      | Lost mutation: Your muscles are strong. (Str +2) [potion of mutation]
  6513 | D:7      | Gained mutation: You have an increased reservoir of magic. (+10% MP) [potion of mutation]
  6513 | D:7      | Gained mutation: You are frail. (-10% HP) [potion of mutation]
  6513 | D:7      | Gained mutation: You have a considerably increased reservoir of magic. (+20% MP) [potion of mutation]
  6514 | D:7      | Lost mutation: You are resistant to electric shocks. (rElec) [potion of mutation]
  6514 | D:7      | Lost mutation: You are frail. (-10% HP) [potion of mutation]
  6514 | D:7      | Gained mutation: You are frail. (-10% HP) [potion of mutation]
  6514 | D:7      | Gained mutation: You are partially covered in molten scales. (AC +2) [potion of mutation]
  6839 | D:7      | Reached skill level 5 in Short Blades
  6839 | D:7      | Reached skill level 5 in Long Blades
  6839 | D:7      | Reached skill level 5 in Axes
  6839 | D:7      | Reached skill level 5 in Polearms
  6839 | D:7      | Reached skill level 5 in Staves
  6839 | D:7      | Reached skill level 5 in Slings
  6839 | D:7      | Reached skill level 5 in Bows
  6839 | D:7      | Reached skill level 5 in Crossbows
  6839 | D:7      | Reached skill level 5 in Dodging
  6839 | D:7      | Reached skill level 5 in Stealth
  6839 | D:7      | Reached skill level 5 in Unarmed Combat
  6839 | D:7      | Reached skill level 5 in Spellcasting
  6839 | D:7      | Reached skill level 5 in Evocations
  6843 | D:7      | Learned a level 2 spell: Throw Frost
  6992 | D:7      | Found a runed door.
  7058 | D:7      | Found an ornate altar of the Wu Jian Council.
  7281 | D:7      | Noticed Crazy Yiuf
  7284 | D:7      | Killed Crazy Yiuf
  7382 | D:8      | Found an opulent altar of Gozag.
  7497 | D:8      | Noticed Joseph
  7507 | D:8      | Reached skill level 10 in Maces & Flails
  7516 | D:8      | Killed Joseph
  7704 | D:8      | Found a snail-covered altar of Cheibriados.
  7920 | D:8      | Found a staircase to the Lair.
  8196 | D:9      | Noticed Erica
  8202 | D:9      | Killed Erica
  8202 | D:9      | Received a gift from Okawaru
  8232 | D:9      | Reached ***** piety under Okawaru
  8651 | D:9      | HP: 3/73 [poisoned by a killer bee]
  8651 | D:9      | Slain by a killer bee

Skill      XL: |  1  2  3  4  5  6  7  8  9 10 |
---------------+-------------------------------+-----
Invocations    | 1 2 3 4 5 6 |  6.2
Short Blades   | 1 2 3 4 5 |  5.6
Long Blades    | 1 2 3 4 5 |  5.6
Axes           | 1 2 3 4 5 |  5.6
Polearms       | 1 2 3 4 5 |  5.6
Staves         | 1 2 3 4 5 |  5.6
Slings         | 1 2 3 4 5 |  5.6
Bows           | 1 2 3 4 5 |  5.6
Crossbows      | 1 2 3 4 5 |  5.6
Dodging        | 1 2 3 4 5 |  5.6
Stealth        | 1 2 3 4 5 |  5.6
Unarmed Combat | 1 2 3 4 5 |  5.6
Spellcasting   | 1 2 3 4 5 |  5.6
Evocations     | 1 2 3 4 5 |  5.6
Conjurations   | 1 2 3 4 |  4.6
Hexes          | 1 2 3 4 |  4.6
Charms         | 1 2 3 4 |  4.6
Summonings     | 1 2 3 4 |  4.6
Necromancy     | 1 2 3 4 |  4.6
Translocations | 1 2 3 4 |  4.6
Transmutations | 1 2 3 4 |  4.6
Fire Magic     | 1 2 3 4 |  4.6
Ice Magic      | 1 2 3 4 |  4.6
Air Magic      | 1 2 3 4 |  4.6
Earth Magic    | 1 2 3 4 |  4.6
Poison Magic   | 1 2 3 4 |  4.6
Throwing       | 3 4 5 6 |  6.2
Armour         | 3 4 5 6 |  6.2
Shields        | 3 4 5 6 |  6.2
Fighting       | 7 8 |  8.7
Maces & Flails | 9 10 | 10.2

Action                   |  1- 3 |  4- 6 |  7- 9 | 10-12 || total
-------------------------+-------+-------+-------+-------++-------
Melee: Mace              |    97 |   189 |    27 |       ||   313
       Bite              |    13 |    27 |    40 |    12 ||    92
       Punch             |       |     3 |     3 |     3 ||     9
       Whip              |       |       |   156 |       ||   156
       Flail             |       |       |    23 |       ||    23
       Morningstar       |       |       |    72 |    96 ||   168
       Dire flail        |       |       |    69 |       ||    69
       Unarmed           |       |       |       |    61 ||    61
       Kick              |       |       |       |    38 ||    38
 Fire: Hand crossbow     |       |       |     5 |       ||     5
Invok: Heroism           |       |       |     4 |     3 ||     7
Evoke: Wand              |       |       |     1 |       ||     1
  Use: Scroll            |       |     1 |    13 |     7 ||    21
       Potion            |       |       |     1 |     9 ||    10
 Stab: Sleeping          |     2 |       |       |       ||     2
  Eat: Chunk             |     1 |     5 |     5 |     6 ||    17
       Ration            |       |       |     2 |       ||     2
Armor: Ring mail         |    34 |       |       |       ||    34
       Scale mail        |       |   104 |    10 |       ||   114
       Storm dragon scal |       |       |   156 |   116 ||   272
       Skin              |       |       |     5 |    63 ||    68
Dodge: Dodged            |    57 |    81 |   112 |   100 ||   350
Block: Shield            |    16 |       |       |       ||    16
